[Event "Early-Titled-Tuesday-Blitz-September-12-2023"]
[Site "Chess.com"]
[Date "2023.09.12"]
[Round "9"]
[White "sergeikim"]
[Black "Eloist"]
[Result "1-0"]
[WhiteElo "2573"]
[BlackElo "2476"]
[TimeControl "180+1"]
[EndTime "9:45:55 PDT"]
[Termination "sergeikim won on time"]

1. d4 e6 2. c4 Nf6 3. Nc3 Bb4 4.
Qc2 c5 5. dxc5 O-O 6. Nf3 Na6 7.
Bd2 Nxc5 8. e3 b6 9. Be2 Bb7 10. O-O Nce4 11. Nxe4 Bxe4 12. Qc1 Bxd2 13. Qxd2 Qe7 14.
Rfd1 Rfd8 15. Qd6 Qxd6 16. Rxd6 Kf8 17. Rc1 Ke7 18. Rd2 Rac8 19. Nd4 d5 20. f3 Bg6 21.
Rdd1 e5 22. Nb3 a5 23. cxd5 Rxc1 24. Rxc1 Nxd5 25. e4 Nf4 26. Bb5 f5 27. Rc7+ Ke6 28. exf5+ Bxf5 29. Rc6+ Rd6 30. Bc4+ Ke7 31. Rc7+ Rd7 32.
Rxd7+ Kxd7 33. Kf2 Bd3 34. Bg8 a4 35. Nc1 Bb1 36. g3 Nd3+ 37. Nxd3 Bxd3 38. Ke3 Bg6 39. Bc4 Kc6 40. h4 Kc5 41. Bg8 b5 42. g4 h6 43. a3 Bc2 44. Be6 Kd6 45. Bf7 Kc5 46. Be8 Bb1 47. h5 Bc2 48. Bf7 Bb1 49. Be6 Bc2 50. Ba2 Kd6 51. Kd2 Bh7 52. Kc3 Kc5 53. Be6 Bb1 54. Bg8 1-0

[Event "Early-Titled-Tuesday-Blitz-September-12-2023"]
[Site "Chess.com"]
[Date "2023.09.12"]
[Round "9"]
[White "Dr_crypt"]
[Black "santosalberto1987"]
[Result "1/2-1/2"]
[WhiteElo "2424"]
[BlackElo "2541"]
[TimeControl "180+1"]
[EndTime "9:45:55 PDT"]
[Termination "Game drawn - insufficient material"]

1. e4 e6 2. Nf3 d5 3. d3 Nf6 4. Nbd2 Nc6 5. g3 dxe4 6. Nxe4 Nxe4 7. dxe4 Qxd1+ 8. Kxd1 Bc5 9. Ke2 b6 10. c3 Ba6+ 11. Ke1 Bxf1 12. Rxf1 a5 13. a4 Ke7 14. Ke2 f6 15. Rd1 Rhd8 16. Bf4 e5 17. Bd2 Rd7 18. Be1 Rad8 19. Rxd7+ Rxd7 20. Rd1 Rxd1 21. Kxd1 Nd8 22. Kc2 Nb7 23. Kd3 Bd6 24. b4 Ke6 25. Kc4 c6 26. Nd2 Be7 27. Nb3 g6 28. f3 f5 29. Bf2 axb4 30.
cxb4 fxe4 31. fxe4 b5+ 32. axb5 cxb5+ 33. Kxb5 Nd6+ 34. Kc6 Nxe4 35. Nc5+ Nxc5 36. Bxc5 Bd8 37. b5 e4 38. b6 Bxb6 39. Bxb6 Kf5 40. h3 h5 41. Kd5 h4 42. gxh4 Kf4 43. Ke6 Kg3 44. Kf6 Kxh4 45. Kxg6 Kxh3 46. Kf5 e3 47. Bxe3 1/2-1/2

[Event "Early-Titled-Tuesday-Blitz-September-12-2023"]
[Site "Chess.com"]
[Date "2023.09.12"]
[Round "9"]
[White "mmDarko"]
[Black "Sjakkerntobi"]
[Result "0-1"]
[WhiteElo "2261"]
[BlackElo "2534"]
[TimeControl "180+1"]
[EndTime "9:45:55 PDT"]
[Termination "Sjakkerntobi won on time"]

1. d4 d5 2. Nf3 e6 3. g3 b5 4. Bg2 Bb7 5. O-O Nf6 6. a4 b4 7. a5 Bd6 8. Nbd2 a6 9. c4 bxc3 10. bxc3 O-O 11. c4 dxc4 12. Nxc4 Nbd7 13. Nxd6 cxd6 14. Ba3 Qe7 15. Ne5 Bxg2 16. Kxg2 Rfc8 17. Rb1 Ra7 18. Qa4 Rac7 19. Nxd7 Nxd7 20. Qb4 Rc4 21. Qb7 R4c6 22. Rfc1 Rxc1 23. Rxc1 Rxc1 24. Bxc1 Qd8 25.
Qxa6 Nb8 26. Qb7 h6 27. a6 Nxa6 28. Qxa6 d5 29. Bf4 Qf6 30. e3 Qf5 31. Qe2 Kh7 32. Bd6 Kg8 33. Qf3 Qg6 34. h4 Qc2 35. h5 Qd3 36. Be5 f6 37. Bd6 Kf7 38. Bc5 Qc2 39. Qf4 Kg8 40. Qd6 Qe4+ 41. Kh2 Qf5 42. Kg2 Kh7 43.
Qf8 Qxh5 44. Qf7 Qf5 45. Qe7 h5 46. Qd6 Qe4+ 47. Kg1 h4 48. Qf4 Qb1+ 49. Kg2 hxg3 50. Kxg3 Qg6+ 0-1

[Event "Early-Titled-Tuesday-Blitz-September-12-2023"]
[Site "Chess.com"]
[Date "2023.09.12"]
[Round "9"]
[White "baki83"]
[Black "vi_pranav"]
[Result "0-1"]
[WhiteElo "2809"]
[BlackElo "2984"]
[TimeControl "180+1"]
[EndTime "9:45:56 PDT"]
[Termination "vi_pranav won on time"]

1. e4 e5 2. Nf3 Nc6 3. Bc4 Nf6 4. d3 h6 5. O-O d6 6. d4 Bg4 7. dxe5 dxe5 8. Nbd2 Bc5 9. h3 Bh5 10. c3 O-O 11. b4 Bd6 12. Qe2 a5 13. b5 Ne7 14. g4 Ng6 15. gxh5 Nf4 16. Qd1 N6xh5 17. Nh2 Nxh3+ 18. Kh1 N5f4 19. Qg4 Bc5 20. Ndf3 h5 21. Qg3 Qf6 22. Bxf4 Nxf2+ 23. Rxf2 exf4 24. Qg1 Bxf2 25. Qxf2 Qxc3 26. Qf1 Rad8 27. Rc1 Qb2 28. Ng5 g6 29.
Nhf3 Rde8 30. Re1 Kg7 31. e5 f6 32. exf6+ Qxf6 33. Ne6+ Kh6 34. Nxf8 Rxf8 35. Re6 Qf5 36. Qd3 Qg4 37. Ne5 Qh4+ 38. Kg1 Qg5+ 39. Kf1 Rf6 40.
Rxf6 Qxf6 41. Nf3 g5 42. Nd2 g4 43. Ne4 Qa1+ 44. Kg2 Qb2+ 45. Kg1 Qc1+ 0-1

[Event "Early-Titled-Tuesday-Blitz-September-12-2023"]
[Site "Chess.com"]
[Date "2023.09.12"]
[Round "9"]
[White "JaloliddinIlkhomi"]
[Black "sokidze"]
[Result "1/2-1/2"]
[WhiteElo "2628"]
[BlackElo "2779"]
[TimeControl "180+1"]
[EndTime "9:45:56 PDT"]
[Termination "Game drawn by stalemate"]

1. Nf3 c5 2. c3 d5 3. d4 Nf6 4. Bf4 e6 5. e3 Bd6 6. Bg3 O-O 7. Nbd2 Qc7 8. Ne5 Nbd7 9. f4 c4 10. Be2 b5 11. O-O b4 12. Bh4 bxc3 13. bxc3 Qa5 14. Qc2 Nb6 15. e4 Qa4 16. Bd1 Qxc2 17. Bxc2 Bb7 18.
Bxf6 gxf6 19. Ng4 Kg7 20. e5 f5 21. exd6 fxg4 22. f5 Rad8 23. Rae1 Rxd6 24. fxe6 Rxe6 25. Rxe6 fxe6 26. Rxf8 Kxf8 27. Bxh7 Kg7 28. Bc2 Kf6 29. Kf2 e5 30. dxe5+ Kxe5 31. Ke3 Nd7 32. h3 Nf6 33. Bd1 Bc8 34. hxg4 Bxg4 35. Bxg4 Nxg4+ 36. Ke2 Nf6 37. Nf3+ Kf4 38. Nd2 Kg3 39. Ke3 Kxg2 40. Kd4 Kf2 41.
Nxc4 dxc4 42. Kxc4 Ke3 43. Kb5 Kd3 44. c4 Nd7 45. c5 Nxc5 46. Kxc5 Kc3 47. Kb5 Kd4 48. a4 Kd5 49. a5 Kd6 50. Ka6 Kc7 51.
Kxa7 Kc8 52. a6 Kc7 53. Ka8 Kc8 54. a7 Kc7 1/2-1/2

[Event "Early-Titled-Tuesday-Blitz-September-12-2023"]
[Site "Chess.com"]
[Date "2023.09.12"]
[Round "9"]
[White "Kacparov"]
[Black "Egor_Koshulyan"]
[Result "0-1"]
[WhiteElo "2896"]
[BlackElo "2752"]
[TimeControl "180+1"]
[EndTime "9:45:59 PDT"]
[Termination "Egor_Koshulyan won by checkmate"]

1. e4 c5 2. Nf3 Nc6 3. Nc3 Nf6 4.
Bb5 g5 5. Bxc6 dxc6 6. d3 g4 7. Ne5 Bg7 8. Nc4 Be6 9. Qe2 Qd7 10. a4 h5 11. a5 h4 12. Be3 Bxc4 13. dxc4 Qe6 14.
Bxc5 Nd7 15. Bb4 h3 16. gxh3 Rxh3 17. O-O-O b6 18. a6 Ne5 19. Rhg1 Rxh2 20. Kb1 Qf6 21. Rxg4 Nxg4 22. Qxg4 Rd8 23. Rg1 Qxf2 24. Rc1 Rg2 25. Qh3 Rh2 26. Qg4 Rg2 27. Qh3 Rg3 28. Qh4 Bf6 29. Qh5 c5 30. Nd5 cxb4 31. Nc7+ Kf8 32. Qh6+ Bg7 33. Qh5 b3 34. e5 Rg1 35. cxb3 Rxc1+ 36. Kxc1 Qe3+ 37. Kb1 Qxe5 38. Qxe5 Bxe5 39. Nb5 Bb8 40.
Kc2 f5 41. Nc3 f4 42. Ne4 f3 43. b4 Rd4 44. Ng5 f2 45. Ne6+ Ke8 46. Nxd4 f1=Q 47. b3 Qf2+ 48. Kd3 Qg3+ 49. Kc2 Be5 50. Nb5 Qf2+ 51. Kd3 Qf3+ 52. Kc2 Qe2+ 53. Kc1 Bf4+ 54. Kb1 Qd3+ 55. Kb2 Be5+ 56. Ka3 Qb1 57. Nxa7 Qa1# 0-1

[Event "Early-Titled-Tuesday-Blitz-September-12-2023"]
[Site "Chess.com"]
[Date "2023.09.12"]
[Round "9"]
[White "mishanick"]
[Black "Sanan_Sjugirov"]
[Result "1-0"]
[WhiteElo "3076"]
[BlackElo "2928"]
[TimeControl "180+1"]
[EndTime "9:46:00 PDT"]
[Termination "mishanick won on time"]

1. d4 Nf6 2. c4 e6 3. Nc3 d5 4. cxd5 exd5 5. Bg5 c6 6. e3 h6 7. Bh4 Be7 8. Bd3 O-O 9. Nge2 Re8 10. O-O Nbd7 11.
f3 b5 12. Bf2 a6 13. Rc1 Bb7 14. Bb1 c5 15. dxc5 Bxc5 16. Nd4 Rc8 17. Nce2 Ne5 18.
b3 Ba3 19. Rxc8 Qxc8 20. Nf5 Ng6 21. Qd4 Bc5 22. Qb2 Qd8 23. Rc1 Bb6 24. Ned4 Qd7 25. h4 Rc8 26. Rd1 Qc7 27. Bg3 Qc3 28. Qe2 Bc7 29. Bf2 Bb8 30. g4 h5 31. gxh5 Nxh5 32.
f4 Nhxf4 33. exf4 Nxf4 34. Qg4 g6 35. Ne7+ Kg7 36. Nxc8 Bxc8 37. Qf3 Qc7 38. Bg3 Nh3+ 39. Kg2 Qb6 40. Bxb8 Qxb8 41. Qg3 Qb6 42. Nf3 Qe3 43.
Qe5+ Qxe5 44. Nxe5 Nf4+ 45. Kg3 Ne2+ 46. Kf2 Nc3 47. Rc1 d4 48. Bd3 Bb7 49. a3 Kf6 50. Nf3 1-0

[Event "Early-Titled-Tuesday-Blitz-September-12-2023"]
[Site "Chess.com"]
[Date "2023.09.12"]
[Round "9"]
[White "Hilary46"]
[Black "cthulhuuu"]
[Result "0-1"]
[WhiteElo "2552"]
[BlackElo "2477"]
[TimeControl "180+1"]
[EndTime "9:46:00 PDT"]
[Termination "cthulhuuu won on time"]

1. e4 d6 2. d4 Nf6 3. Nc3 c6 4. f4 Qb6 5. Nf3 Bg4 6. h3 Bxf3 7. Qxf3 e6 8. Bd3 d5 9. e5 Nfd7 10. O-O g6 11. Ne2 c5 12. c3 Nc6 13. dxc5 Nxc5 14. Be3 Qxb2 15. Rfb1 Qa3 16. Bb5 Ne4 17. Rb3 Qa5 18. Nd4 Rc8 19. c4 dxc4 20. Nxc6 bxc6 21.
Bxc4 Nd2 22. Bxd2 Qxd2 23. Rd1 Bc5+ 24. Kh2 Qf2 25. Qxf2 Bxf2 26. Rb7 O-O 27. Rdd7 Rb8 28. Rbc7 Bb6 29. Rxc6 Rfc8 30. Rxc8+ Rxc8 31. Bb3 h5 32. Kg3 Rc3+ 33. Kh4 Rc8 34. g4 Bd8+ 35. Kg3 Rc3+ 36.
Kg2 Bh4 37. gxh5 gxh5 38. Rxa7 Rg3+ 39. Kh2 Rf3 40. Ra8+ Kg7 41. Ra4 Bg3+ 42. Kg2 Re3 43. Rc4 h4 44. Bd1 Rd3 45. Be2 Rd2 46. Kf3 Rxa2 47.
Rd4 Ra3+ 48. Rd3 Ra4 0-1

[Event "Early-Titled-Tuesday-Blitz-September-12-2023"]
[Site "Chess.com"]
[Date "2023.09.12"]
[Round "9"]
[White "Mariia89"]
[Black "ElenaPershina"]
[Result "0-1"]
[WhiteElo "1999"]
[BlackElo "2263"]
[TimeControl "180+1"]
[EndTime "9:46:00 PDT"]
[Termination "ElenaPershina won by resignation"]

1. d4 d5 2. c4 c6 3. e3 Nf6 4.
Nc3 Bf5 5. Nf3 e6 6. Nh4 Be4 7. Nxe4 Nxe4 8. Nf3 Bb4+ 9. Bd2 Qa5 10. a3 Bxd2+ 11. Nxd2 Nxd2 12. Qxd2 Qxd2+ 13. Kxd2 Nd7 14. Bd3 dxc4 15. Bxc4 Nb6 16. Bd3 Ke7 17. b4 Rhd8 18.
Ke2 g6 19. h4 Nd5 20. Rac1 h5 21. g3 Rd7 22. Rc2 Rad8 23. Rhc1 Kf6 24. Be4 e5 25. dxe5+ Kxe5 26. Bxd5 Rxd5 27. Rc5 Ke6 28. R1c2 Rxc5 29. Rxc5 Rd5 30. Rxd5 Kxd5 31. Kd3 b6 32. e4+ Kd6 33. f4 c5 34. Kc4 cxb4 35. axb4 a6 36. Kd4 Kc6 37.
f5 a5 38. bxa5 bxa5 39. Ke5 a4 40. Kf6 a3 41. Kxf7 gxf5 42. exf5 a2 43. f6 a1=Q 44. Kg6 Kd7 45. Kxh5 Qxf6 46. g4 Ke7 47. g5 Qf4 48. g6 Kf8 49. g7+ Kg8 50. Kg6 Qxh4 51. Kf5 Kxg7 0-1

[Event "Early-Titled-Tuesday-Blitz-September-12-2023"]
[Site "Chess.com"]
[Date "2023.09.12"]
[Round "9"]
[White "allejam"]
[Black "charlescandycampbell"]
[Result "1-0"]
[WhiteElo "2441"]
[BlackElo "2303"]
[TimeControl "180+1"]
[EndTime "9:46:01 PDT"]
[Termination "allejam won by checkmate"]

1. e4 c6 2. d4 d5 3. Nc3 dxe4 4.
Nxe4 Bf5 5. Ng3 Bg6 6. Nf3 Nd7 7.
Bd3 e6 8. O-O Ngf6 9. Re1 Bd6 10. c4 O-O 11. b3 Qc7 12. Bxg6 hxg6 13. Bb2 c5 14. Qe2 cxd4 15. Nxd4 a6 16. Red1 Rfe8 17. Rac1 Rac8 18. a3 Qb8 19. b4 Bf4 20. Rc2 Red8 21. Nf1 e5 22. Nb3 Re8 23. g3 Bh6 24. Ne3 e4 25. Ng4 Nxg4 26. Rxd7 Nf6 27. Bxf6 gxf6 28.
Nc5 b6 29. Nb3 f5 30. c5 bxc5 31. Qc4 Rf8 32. Nxc5 Qb5 33. Qxb5 axb5 34. Kf1 Rfd8 35. Rxd8+ Rxd8 36. Ke2 Rd3 37. Nxd3 exd3+ 38. Kxd3 Kf8 39. Rc5 Ke8 40. Rxb5 Kd7 41. a4 Bf8 42. a5 Bd6 43. a6 Kc7 44. a7 Kc6 45. Rb8 Bxb8 46. axb8=Q Kd5 47. b5 Ke6 48. f4 f6 49. Kd4 g5 50.
fxg5 fxg5 51. b6 f4 52. b7 f3 53. Qc8+ Kf6 54. b8=Q f2 55. Qe5+ Kg6 56. Qg8+ Kh5 57. g4+ Kxg4 58. Qg3+ Kf5 59. Q8xg5+ Ke6 60. Q3e5+ Kd7 61.
Qge7+ Kc8 62. Q5c7# 1-0

[Event "Early-Titled-Tuesday-Blitz-September-12-2023"]
[Site "Chess.com"]
[Date "2023.09.12"]
[Round "9"]
[White "dropstoneDP"]
[Black "Jospem"]
[Result "0-1"]
[WhiteElo "3017"]
[BlackElo "3110"]
[TimeControl "180+1"]
[EndTime "9:46:02 PDT"]
[Termination "Jospem won by checkmate"]

1. e4 c5 2. Nf3 d6 3. d4 cxd4 4. Nxd4 e6 5. c4 Nf6 6. Nc3 Be7 7. g4 h6 8. h4 Nc6 9. Nxc6 bxc6 10. Rg1 Nd7 11.
g5 hxg5 12. hxg5 Ne5 13. Be3 Qa5 14. f4 Ng6 15. Qd2 Rb8 16. O-O-O e5 17. f5 Nf4 18. Bxf4 exf4 19. Qxf4 Rxb2 20. Kxb2 Qb6+ 21. Nb5 cxb5 22. c5 Qxc5 23. Rg2 Bd7 24. Rc2 Qb4+ 25. Ka1 Rh5 26. f6 gxf6 27. gxf6 Rf5 28. Qxf5 Bxf5 29. fxe7 Bxe4 30.
Rc7 a6 31. Bh3 f5 32. Bf1 Qa5 33. Rdc1 Qd2 34. a3 Qd4+ 35. Ka2 Bd5+ 36. Kb1 Qd2 37.
R1c3 Qd1+ 38. Kb2 Qxf1 39. a4 Qe2+ 40. Kc1 Qe1+ 41. Kb2 b4 42. Rc2 Qe5+ 43. Kc1 b3 44. R2c3 Qd4 45. Kb2 Qd2+ 46. Ka3 b2 47. Rg3 b1=Q 48.
Rg8+ Bxg8 49. Rc8+ Kxe7 50. Re8+ Kxe8 51. a5 Qdb4# 0-1

[Event "Early-Titled-Tuesday-Blitz-September-12-2023"]
[Site "Chess.com"]
[Date "2023.09.12"]
[Round "9"]
[White "Quattroporte300"]
[Black "AndresDelgado77"]
[Result "1-0"]
[WhiteElo "2390"]
[BlackElo "2298"]
[TimeControl "180+1"]
[EndTime "9:46:02 PDT"]
[Termination "Quattroporte300 won on time"]

1. e4 e6 2. d4 d5 3. e5 c5 4.
c3 Qb6 5. Nf3 Nc6 6. Be2 cxd4 7.
cxd4 Nh6 8. Bxh6 Qxb2 9. Nbd2 gxh6 10. O-O Bg7 11. Qa4 Qb4 12. Bb5 Qxa4 13. Bxa4 Bd7 14.
Bxc6 Bxc6 15. Rfc1 Kd7 16. Nb3 b6 17. Kf1 Rhc8 18.
Ke2 Bf8 19. a4 a5 20. Ne1 Bb7 21. Nd3 Ba6 22. Kd2 Rc4 23. Nb2 Rb4 24. Rc3 Rc8 25.
Rac1 h5 26. f4 h4 27. g3 hxg3 28. hxg3 h5 29. R1c2 h4 30. gxh4 Bh6 31. Nd3 Bxd3 32. Kxd3 Rxc3+ 33. Kxc3 Bxf4 34. Rf2 Rc4+ 35. Kd3 Bg3 36.
Rxf7+ Ke8 37. Rh7 Rxa4 38. h5 Ra3 39. Kc2 a4 40. Nd2 Bf2 41. h6 Bxd4 42. Rb7 Rh3 43. h7 Bxe5 44. Rxb6 Kf7 45. Rb7+ Kg6 46. Re7 1-0

[Event "Early-Titled-Tuesday-Blitz-September-12-2023"]
[Site "Chess.com"]
[Date "2023.09.12"]
[Round "9"]
[White "The_Machine04"]
[Black "TimofeevAr"]
[Result "1-0"]
[WhiteElo "2694"]
[BlackElo "2826"]
[TimeControl "180+1"]
[EndTime "9:46:03 PDT"]
[Termination "The_Machine04 won by resignation"]

1. d4 e6 2. Nf3 Nf6 3. Nbd2 d5 4. e3 c5 5. c3 Nc6 6. Bd3 Be7 7. O-O O-O 8. dxc5 Bxc5 9. b4 Bd6 10. Bb2 a6 11. a3 b5 12. a4 Rb8 13. axb5 axb5 14. Qe2 Qb6 15. e4 Be7 16. e5 Nd7 17. Nb3 f6 18. exf6 Nxf6 19. Nbd4 Nxd4 20. Nxd4 Bd7 21.
Ra5 Ne4 22. Bxe4 dxe4 23. Qxe4 Bf6 24. Rfa1 Qd6 25. Ra6 Qd5 26. Qxd5 exd5 27. Rd6 Rfd8 28. Rxd5 Be8 29. Rxd8 Rxd8 30. h3 Rc8 31. Rc1 Rc4 32. Rd1 Rc8 33. Rd3 Ra8 34. Rd1 Ra2 35. Bc1 Ra1 36. Re1 Bd7 37. Bd2 Rxe1+ 38. Bxe1 Bxd4 39. cxd4 Bc6 40. f3 Kf7 41. Bg3 Ke6 42. Kf2 Kd5 43. Ke3 g6 44. Bh4 h5 45. Be7 Kc4 46. Bc5 Kd5 47. Kf4 Ke6 48. Kg5 Kf7 49.
Bd6 Bd5 50. Bc5 Bc6 51. Kf4 Ke6 52. g4 Bd5 53. h4 Bc6 54. Kg3 Kf7 55. f4 Bd7 56. f5 hxg4 57. fxg6+ Kxg6 58. Kf4 Be6 59. Ke5 Bc8 60. d5 g3 61. Kd6 Bb7 62. Ke6 Bc8+ 63. Ke7 g2 64. d6 Kh5 65. d7 Bxd7 66. Kxd7 1-0

[Event "Early-Titled-Tuesday-Blitz-September-12-2023"]
[Site "Chess.com"]
[Date "2023.09.12"]
[Round "9"]
[White "Itk04"]
[Black "nss13"]
[Result "1-0"]
[WhiteElo "2753"]
[BlackElo "2553"]
[TimeControl "180+1"]
[EndTime "9:46:03 PDT"]
[Termination "Itk04 won on time"]

1. d4 Nf6 2. c4 c6 3. d5 cxd5 4. cxd5 g6 5. Nc3 Bg7 6. e4 d6 7.
Bd3 O-O 8. Nge2 a6 9. O-O b5 10. Be3 Nbd7 11. a3 Nc5 12. Rc1 Nxd3 13. Qxd3 Bd7 14. Nd4 e6 15. h3 exd5 16. exd5 Re8 17. Rfd1 Rc8 18. Bf4 Qb6 19. Be3 Qb7 20. Nb3 Bf5 21.
Qd2 Ne4 22. Nxe4 Bxe4 23. Na5 Qa8 24. Nc6 Qb7 25. b4 Bf5 26. Bd4 Bd7 27. Bxg7 Kxg7 28. Qc3+ Kg8 29. h4 h5 30. Qf6 Bxc6 31. dxc6 Rxc6 32.
Rxc6 Qxc6 33. Rxd6 Qc1+ 34. Kh2 Qxa3 35. Rd7 Rf8 36. Qf4 a5 37. bxa5 Qxa5 38. Rb7 Qa6 39. Rc7 Qb6 40. Rd7 b4 41. Rd6 Qb8 42. g3 b3 43. Qe5 b2 44. Qd5 Kg7 45. Qe5+ Kh7 46. Qd5 b1=Q 47. Rf6 1-0

[Event "Early-Titled-Tuesday-Blitz-September-12-2023"]
[Site "Chess.com"]
[Date "2023.09.12"]
[Round "9"]
[White "shimastream"]
[Black "Firouzja2003"]
[Result "0-1"]
[WhiteElo "2952"]
[BlackElo "3071"]
[TimeControl "180+1"]
[EndTime "9:46:04 PDT"]
[Termination "Firouzja2003 won by resignation"]

1. d4 Nf6 2. Bg5 d5 3. Nd2 Bf5 4. Bxf6 exf6 5. e3 c6 6. Ne2 Bd6 7. Nc1 Nd7 8. Bd3 Be6 9. Ne2 O-O 10. c4 g6 11. O-O f5 12. cxd5 Bxd5 13. Nc3 Nf6 14. Nxd5 cxd5 15. Qb3 Qe7 16. Rac1 Rad8 17. Nf3 Kg7 18. g3 h5 19. Kg2 Rh8 20. h4 Ng4 21. Rfe1 a6 22. Ng5 Rhe8 23. Be2 Nf6 24. Bf3 Bb8 25.
Rc2 f4 26. gxf4 Bxf4 27. exf4 Qxe1 28. Qxb7 Rd7 29. Rc7 Rxc7 30. Qxc7 Qe7 31. Qb6 Ra8 32. a4 Qd7 33. b3 Ng8 34. f5 Qxf5 35. Qb7 Re8 36.
Qxd5 Qf4 37. Qd7 Re7 38. Qd8 Qxh4 39. Nxf7 Kxf7 40. Bd5+ Kf6 41. Qxg8 Qg4+ 42. Kh2 Qf4+ 43. Kg2 Qg4+ 44. Kh2 Kg5 45. Qf8 Qf4+ 46. Qxf4+ Kxf4 47. a5 Re2 48. Kg2 Ra2 49. b4 Rb2 50. Bc4 Rxb4 51.
Bxa6 Ra4 52. Bd3 Rxa5 53. Bxg6 Rg5+ 0-1

[Event "Early-Titled-Tuesday-Blitz-September-12-2023"]
[Site "Chess.com"]
[Date "2023.09.12"]
[Round "9"]
[White "McCarthyStone"]
[Black "CraiggoryC"]
[Result "1/2-1/2"]
[WhiteElo "2452"]
[BlackElo "2230"]
[TimeControl "180+1"]
[EndTime "9:46:04 PDT"]
[Termination "Game drawn - insufficient material"]

1. d4 e6 2. Nf3 Nf6 3. g3 Be7 4. Bg2 d5 5. O-O O-O 6. c4 dxc4 7. Qc2 a6 8. a4 Bd7 9. Ne5 Nc6 10.
Nxc4 Nxd4 11. Qd1 Bc6 12. f3 Qd5 13. b3 Rfd8 14. Nc3 Qh5 15. e4 Bb4 16. Bb2 Qc5 17. Kh1 Nb5 18. Qc1 Nxc3 19. Bxc3 Bxc3 20. Qxc3 b5 21. Qe5 Qxe5 22. Nxe5 Bb7 23. Rac1 Rac8 24. Nc6 Bxc6 25. Rxc6 Rd6 26. Rc2 Rd3 27. Rb1 b4 28. Kg1 Nd7 29. Kf2 c5 30. Bf1 Rd4 31. Bxa6 Rd8 32.
Rbc1 f6 33. Bc4 Kf7 34. a5 Ne5 35. Be2 Nd3+ 36. Bxd3 Rxd3 37. Rxc5 Rxb3 38. R1c2 Rdd3 39. f4 Rf3+ 40. Kg2 Rfc3 41. R5xc3 bxc3 42. Kf3 Ra3 43. Ke3 e5 44. f5 Ke7 45. Kd3 Rxa5 46. Rxc3 Kd6 47.
Rb3 Ra4 48. Rb7 Ra3+ 49. Ke2 Kc5 50. Rxg7 Kd4 51. Rxh7 Kxe4 52. Rh4+ Kxf5 53. Rb4 Ra2+ 54. Kf3 Rxh2 55. Rb6 Kg6 56. Kg4 Rf2 57. Rc6 Ra2 58.
Re6 Ra4+ 59. Kf3 Kf5 60. Rb6 Ra3+ 61. Kf2 Kg4 62. Rxf6 Ra2+ 63. Ke3 Kxg3 64. Rg6+ Kh4 65. Ke4 Ra4+ 66. Kxe5 Ra5+ 67. Kd4 Ra4+ 68. Kc3 Rg4 69.
Rxg4+ Kxg4 1/2-1/2

[Event "Early-Titled-Tuesday-Blitz-September-12-2023"]
[Site "Chess.com"]
[Date "2023.09.12"]
[Round "9"]
[White "noblerone"]
[Black "Hasangatin_Ramil"]
[Result "0-1"]
[WhiteElo "2530"]
[BlackElo "2721"]
[TimeControl "180+1"]
[EndTime "9:46:06 PDT"]
[Termination "Hasangatin_Ramil won on time"]

1. d4 Nf6 2. Nf3 c5 3. c3 cxd4 4. cxd4 d5 5. Nc3 Nc6 6. Bf4 e6 7. e3 Qb6 8. Bb5 Be7 9. O-O O-O 10. Rc1 Bd7 11. Qe2 Rfc8 12. h3 Be8 13. Ne5 Nxe5 14.
Bxe5 Rxc3 15. Bxe8 Rxc1 16. Bxf7+ Kxf7 17. Rxc1 Ne8 18. Qg4 Bf6 19. Qf4 Kg8 20. Bxf6 Nxf6 21. Rc7 Qxb2 22.
Qd6 Qb1+ 23. Kh2 Qf5 24. Qe7 Nh5 25. f4 Qf6 26. Qd7 Qf8 27. Qxe6+ Kh8 28. Qxd5 Nxf4 29. Qxb7 Ne6 30. Re7 Rb8 31. Qxa7 Re8 32. Rxe8 Qxe8 33. a4 h6 34. a5 Ng5 35. Qc7 Qe6 36. Qb8+ Kh7 37. Qb1+ g6 38. Qb7+ Kg8 39. Qb8+ Kg7 40. Qc7+ Nf7 41. Qb6 Qxe3 42. a6 Qf4+ 43. Kg1 Qc1+ 44.
Kh2 Qf4+ 45. Kg1 Ng5 46. Qb7+ Kf6 47. a7 Qxd4+ 48. Kf1 Ne4 49. Ke2 Qd2+ 0-1

[Event "Early-Titled-Tuesday-Blitz-September-12-2023"]
[Site "Chess.com"]
[Date "2023.09.12"]
[Round "9"]
[White "vladgoncharov"]
[Black "secretsuperstar7"]
[Result "0-1"]
[WhiteElo "2537"]
[BlackElo "2436"]
[TimeControl "180+1"]
[EndTime "9:46:08 PDT"]
[Termination "secretsuperstar7 won by resignation"]

1. d4 Nf6 2. c4 e6 3. Nc3 d5 4. Bg5 Bb4 5. e3 h6 6. Bxf6 Qxf6 7. Nf3 O-O 8. Bd3 dxc4 9. Bxc4 c5 10. O-O cxd4 11.
Qxd4 Qe7 12. a3 Nc6 13. Qd2 Rd8 14. Qc1 Bd6 15. b4 Ne5 16. Be2 Nxf3+ 17. Bxf3 Be5 18. Rb1 Bd7 19. Bxb7 Rab8 20. Ba6 Qd6 21. b5 Bxh2+ 22. Kh1 Be5 23. Ne4 Qe7 24. g3 f5 25. Nd2 Be8 26. Nf3 Bd6 27. a4 Bh5 28. Nd4 Bc5 29.
Qc3 Bb6 30. Kg1 Bxd4 31. exd4 Qd6 32. Rfe1 Qd5 33. Qc5 Qxd4 34. Qxd4 Rxd4 35. Rxe6 Rxa4 36. Re7 Rxa6 37. bxa6 Rxb1+ 38. Kg2 Bf7 39. Rxa7 Bd5+ 40. f3 Rb2+ 41. Kf1 Bxf3 42. Re7 Ra2 43. Re6 Kf7 44. Rb6 Bd5 45. Rd6 Bc4+ 46. Kg1 Bxa6 47. Rd7+ Kf6 48. Rd4 Bc8 49. Rb4 Be6 50. Rd4 g5 51. Rb4 Rc2 52. Rd4 Ke5 53. Ra4 Rc3 54. Kf2 Rc2+ 55. Kg1 f4 56. gxf4+ gxf4 57. Ra5+ Bd5 58. Kf1 f3 59. Ra4 Bc4+ 0-1

[Event "Early-Titled-Tuesday-Blitz-September-12-2023"]
[Site "Chess.com"]
[Date "2023.09.12"]
[Round "9"]
[White "Akylbek2021"]
[Black "verrbaa"]
[Result "1-0"]
[WhiteElo "2315"]
[BlackElo "2405"]
[TimeControl "180+1"]
[EndTime "9:46:10 PDT"]
[Termination "Akylbek2021 won by resignation"]

1. Nf3 Nf6 2. b3 d5 3. Bb2 e6 4.
e3 Be7 5. c4 O-O 6. Nc3 c5 7.
cxd5 exd5 8. d4 b6 9. Be2 Bb7 10.
O-O Nbd7 11. Rc1 Re8 12. Ne5 a6 13. Bf3 cxd4 14. exd4 Bd6 15. Nxd7 Qxd7 16. Qd2 b5 17. Rfe1 Ne4 18. Qd3 f5 19. g3 Re6 20. a4 b4 21.
Nd1 Rae8 22. Ne3 Qf7 23. Bxe4 fxe4 24. Qf1 Rf6 25. Rc2 h5 26. h4 Rf3 27. Bc1 Bxg3 28. fxg3 Rxf1+ 29. Rxf1 Qg6 30. Nf5 Kh8 31. Rc7 Bc8 32.
Rxg7 Qc6 33. Be3 Bxf5 34. Rxf5 Kxg7 35. Rxh5 Rh8 36. Rg5+ Kf7 37. Rf5+ Ke6 38. Re5+ Kd7 39. h5 Re8 40. Rg5 Qc2 41. Rg7+ Re7 42. Rg6 Qd1+ 43. Kf2 Qe2+ 44. Kxe2 Ke8 45. Rxa6 Rc7 46. h6 Rc2+ 47. Bd2 Rc7 48. Ra8+ Kf7 49. g4 Kg6 50. Bf4 Rf7 51. Bd2 Re7 52. g5 e3 53. Bxe3 Re4 54. Kd3 Re8 55. Rxe8 1-0

[Event "Early-Titled-Tuesday-Blitz-September-12-2023"]
[Site "Chess.com"]
[Date "2023.09.12"]
[Round "9"]
[White "temus_galaktionov"]
[Black "Frolyanov_D"]
[Result "1/2-1/2"]
[WhiteElo "2821"]
[BlackElo "2675"]
[TimeControl "180+1"]
[EndTime "9:46:11 PDT"]
[Termination "Game drawn by agreement"]

1. d4 d5 2. Nf3 Nf6 3. c4 e6 4. Nc3 dxc4 5. e3 c5 6. Bxc4 a6 7. dxc5 Bxc5 8. Qxd8+ Kxd8 9. a3 b5 10. Bd3 Bb7 11. Ke2 Nbd7 12. Rd1 Ke7 13. h3 Rac8 14. e4 h6 15. Bf4 Rhd8 16. Nd2 Bb6 17. Nb3 Nc5 18. Nxc5 Bxc5 19. Rac1 Bd4 20. f3 e5 21. Be3 Nh5 22. Rc2 Nf4+ 23. Bxf4 exf4 24. Ke1 Be3 25. Be2 Rxd1+ 26. Kxd1 Rd8+ 27. Nd5+ Bxd5 28. exd5 Rxd5+ 29. Ke1 Rd7 30. Rc6 Rd2 31. Rxa6 Rxb2 32. Kd1 b4 33. axb4 Rxb4 34. Bd3 Rb2 35. Bc2 Rb5 36. Bd3 Rc5 37. Ra1 Rg5 38. Ra2 Rc5 39. Ke2 Rc1 40. Be4 Rg1 41. Kd3 g6 42. Bd5 Rd1+ 43. Kc4 Rd4+ 44. Kc5 Rd2+ 45. Kc6 Rxa2 46. Bxa2 f5 47.
Kd5 Kf6 48. Kc4 Kg5 49. Kd3 Kh4 50. Ke2 Kg3 51. Kf1 g5 52. Be6 g4 53. hxg4 fxg4 54. Bxg4 Kh4 55. Bh3 Kg3 56. Ke2 Kh4 57. Kd3 Kg5 58.
Ke4 Bf2 59. Ke5 Bg3 60. Ke6 Bh4 61. Bg4 Bg3 62. Kf7 Bh4 63. Bh3 Bg3 1/2-1/2

[Event "Early-Titled-Tuesday-Blitz-September-12-2023"]
[Site "Chess.com"]
[Date "2023.09.12"]
[Round "9"]
[White "hongnhung1234"]
[Black "Doomfist26"]
[Result "1-0"]
[WhiteElo "2519"]
[BlackElo "2608"]
[TimeControl "180+1"]
[EndTime "9:46:11 PDT"]
[Termination "hongnhung1234 won by checkmate"]

1. e4 c5 2. Nc3 d6 3. f4 g6 4.
Nf3 Bg7 5. Bc4 Nc6 6. O-O e6 7.
d3 Nge7 8. Qe1 O-O 9. f5 gxf5 10.
Qh4 fxe4 11. dxe4 Ng6 12. Qh5 Nce5 13. Be2 Nxf3+ 14. Rxf3 Qh4 15. Qxh4 Nxh4 16. Rd3 Be5 17. Nb5 b6 18. c4 Bb7 19. Nxd6 Bxd6 20. Rxd6 Bxe4 21.
Bg5 Nf5 22. Rd7 f6 23. Bf4 Rfd8 24. Rc7 e5 25. Bg3 Rd2 26. Re1 Nd4 27. Bf1 Bg6 28. Bh4 Ne6 29. Re7 Re8 30. Rxe8+ Bxe8 31. Bxf6 Nd4 32. Bxe5 Bc6 33. Bxd4 cxd4 34. Re2 Rd1 35. Kf2 d3 36. Re3 Rd2+ 37. Kg3 Rxb2 38. Rxd3 Rxa2 39. Rd6 Be8 40. Bd3 Ra3 41. Kh4 Kg7 42. g4 Rc3 43. Kg5 Bf7 44. Rd7 Kf8 45. Kf6 Be8 46. Rxh7 Kg8 47.
Re7 Rxd3 48. Rxe8+ Kh7 49. Re7+ Kg8 50. Rxa7 Rd4 51. g5 Rxc4 52. Ra8+ Kh7 53. g6+ Kh6 54. Rh8# 1-0